 Dungeon Crawl Stone Soup version 0.23.0-3-gf3c87f2 (webtiles) character file.

Game seed: 9075996058814965695

339 wolfsongas the Charmwright (level 6, -1/51 HPs)
             Began as a Gnoll Skald on Feb 22, 2019.
             Was an Initiate of Cheibriados.
             Slain by a phantom (6 damage)
             ... on level 4 of the Dungeon on Feb 23, 2019.
             The game lasted 00:06:36 (3399 turns).

wolfsongas the Charmwright (Gnoll Skald)            Turns: 3399, Time: 00:06:37

Health: -1/51      AC:  6    Str: 17    XL:     6   Next: 55%
Magic:  14/14      EV:  9    Int: 16    God:    Cheibriados [......]
Gold:   217        SH: 13    Dex: 15    Spells: 14/15 levels left

rFire    . . .     SeeInvis .   p - +3 whip (elec)
rCold    . . .     Gourm    .   e - +1 large shield
rNeg     . . .     Faith    .   n - +0 ring mail
rPois    .         Spirit   .   (no helmet)
rElec    .         Reflect  .   (no cloak)
rCorr    .         Harm     .   g - +0 pair of gloves
MR       .....                  (no boots)
Stlth    +.........             (no amulet)
HPRegen  0.17/turn              (no ring)
MPRegen  0.14/turn              (no ring)

@: berserk cooldown, very slow
A: distributed training, fangs 1, strong nose
a: Bend Time, Renounce Religion


You were on level 4 of the Dungeon.
You worshipped Cheibriados.
Cheibriados was noncommittal.
You were very hungry.

You visited 2 branches of the dungeon, and saw 5 of its levels.

You collected 217 gold pieces.

Inventory:

Hand Weapons
 p - a +3 whip of electrocution (weapon)
Armour
 e - a +1 large shield (worn)
 g - a +0 pair of gloves (worn)
 n - a +0 ring mail (worn)
Wands
 l - a wand of disintegration (14)
 r - a wand of acid (5)
Scrolls
 c - 3 scrolls of remove curse
 f - a scroll of enchant armour
 k - 3 scrolls of fear
Potions
 a - a potion of haste {unknown}
 b - a potion of might {unknown}
 j - a potion of ambrosia
 m - a potion of lignification
 o - a potion of heal wounds {unknown}
 q - a potion of flight {unknown}
Comestibles
 d - a ration


   Skills:
 + Level 5.0 Fighting
 + Level 2.0 Short Blades
 + Level 2.0 Long Blades
 + Level 2.0 Axes
 + Level 5.0 Maces & Flails
 + Level 2.0 Polearms
 + Level 2.0 Staves
 + Level 2.0 Slings
 + Level 2.0 Bows
 + Level 2.0 Crossbows
 + Level 2.0 Throwing
 + Level 3.2 Armour
 + Level 5.0 Dodging
 + Level 2.0 Stealth
 + Level 2.0 Shields
 + Level 2.0 Unarmed Combat
 + Level 5.4 Spellcasting
 + Level 1.5 Conjurations
 + Level 1.5 Hexes
 + Level 5.6 Charms
 + Level 1.5 Summonings
 + Level 1.5 Necromancy
 + Level 1.5 Translocations
 + Level 1.5 Transmutations
 + Level 1.5 Fire Magic
 + Level 1.5 Ice Magic
 + Level 1.5 Air Magic
 + Level 1.5 Earth Magic
 + Level 1.5 Poison Magic
 + Level 2.2 Invocations
 + Level 2.0 Evocations


You had 14 spell levels left.
You knew the following spells:

 Your Spells              Type           Power        Failure   Level  Hunger
a - Infusion              Chrm           ###.         45%         1    None

Your spell library contained the following spells:

 Spells                   Type           Power        Failure   Level  Hunger
 Song of Slaying          Chrm           ###.....     58%         2    #......
 Shroud of Golubria       Chrm/Tloc      ###.......   87%         2    #......
 Regeneration             Chrm/Necr      ###.......   98%         3    ###....
 Spectral Weapon          Hex/Chrm       ###.....     98%         3    ###....


Dungeon Overview and Level Annotations

Branches:
Dungeon (4/15)             Temple (1/1) D:4

Altars:
Ashenzari
Cheibriados
Fedhas
Hepliaklqana
Kikubaaqudgha
Nemelex Xobeh
Ru
Sif Muna
Wu Jian
Xom


Innate Abilities, Weirdness & Mutations

Your experience applies equally to all skills.
You have very sharp teeth.
Your uncanny sense of smell can sniff out nearby items.


Message History

The phantom is severely damaged.
The phantom closely misses you.
You miss the phantom.
The phantom is severely damaged.
The phantom hits you!
* * * LOW HITPOINT WARNING * * *
You hit the phantom but do no damage.
The phantom is severely damaged.
The phantom blinks!
You closely miss the phantom.
The phantom is severely damaged.
You block the phantom's attack.
You hit the phantom.
The phantom is almost destroyed.
You block the phantom's attack.
You hit the phantom but do no damage.
The phantom is almost destroyed.
The phantom blinks!
The phantom hits you.
You die...

#.....# #..#....†...#...
#.....###.##............
###.....#..###....#..#...
.#.......#...#.)####'###..
............##.).##♣.♣##..
................<#♣...♣#..
.............>...#♣.>.♣#..
............###..#♣...♣#..
..(.....W@.## ##.##♣♣♣##..
.............# ..# ...
.................... ....
.....>.#......#####.......
.......##..#..# .. .......
##.##... .##.... ..# .(..
... .# ...


You could see a phantom.

Vanquished Creatures
  A scorpion (D:4)
  3 orc priests (D:4)
  An orc wizard (D:4)
  A worker ant (D:4)
  4 gnolls (D:3)
  2 adders
  3 oozes (D:3)
  2 worms
  A dart slug (D:3)
  A leopard gecko (D:3)
  3 orcs
  5 bats
  3 giant cockroaches
  6 goblins
  9 hobgoblins
  9 jackals
  2 quokkas
  A ball python skeleton (D:4)
  4 frilled lizards
  5 kobolds
  4 rats
70 creatures vanquished.

Notes
Turn   | Place    | Note
-------+----------+-------------------------------------------
     0 | D:1      | wolfsongas the Gnoll Skald began the quest for the Orb.
     0 | D:1      | Reached XP level 1. HP: 20/20 MP: 6/6
   113 | D:1      | Found an ancient bone altar of Kikubaaqudgha.
   123 | D:1      | Reached XP level 2. HP: 26/26 MP: 7/7
   690 | D:2      | Found a shimmering altar of Xom.
   721 | D:2      | Reached XP level 3. HP: 10/31 MP: 9/9
   946 | D:2      | Reached skill level 5 in Spellcasting
  1097 | D:2      | Reached skill level 1 in Invocations
  1571 | D:3      | Reached skill level 1 in Short Blades
  1571 | D:3      | Reached skill level 1 in Long Blades
  1571 | D:3      | Reached skill level 1 in Axes
  1571 | D:3      | Reached skill level 1 in Polearms
  1571 | D:3      | Reached skill level 1 in Staves
  1571 | D:3      | Reached skill level 1 in Slings
  1571 | D:3      | Reached skill level 1 in Bows
  1571 | D:3      | Reached skill level 1 in Crossbows
  1571 | D:3      | Reached skill level 1 in Throwing
  1571 | D:3      | Reached skill level 1 in Stealth
  1571 | D:3      | Reached skill level 1 in Shields
  1571 | D:3      | Reached skill level 1 in Unarmed Combat
  1571 | D:3      | Reached skill level 1 in Evocations
  1633 | D:3      | Reached XP level 4. HP: 19/38 MP: 11/11
  2386 | D:3      | Reached skill level 1 in Conjurations
  2386 | D:3      | Reached skill level 1 in Hexes
  2386 | D:3      | Reached skill level 1 in Summonings
  2386 | D:3      | Reached skill level 1 in Necromancy
  2386 | D:3      | Reached skill level 1 in Translocations
  2386 | D:3      | Reached skill level 1 in Transmutations
  2386 | D:3      | Reached skill level 1 in Fire Magic
  2386 | D:3      | Reached skill level 1 in Ice Magic
  2386 | D:3      | Reached skill level 1 in Air Magic
  2386 | D:3      | Reached skill level 1 in Earth Magic
  2386 | D:3      | Reached skill level 1 in Poison Magic
  2399 | D:3      | Reached XP level 5. HP: 8/43 MP: 12/12
  2809 | D:3      | Found a shattered altar of Ashenzari.
  3084 | D:4      | Found a staircase to the Ecumenical Temple.
  3103 | Temple   | Entered the Ecumenical Temple
  3121 | Temple   | Became a worshipper of Cheibriados the Contemplative
  3348 | D:4      | Was placed under penance by Cheibriados
  3351 | D:4      | Was forgiven by Cheibriados
  3353 | D:4      | Reached XP level 6. HP: 21/50 MP: 13/13
  3360 | D:4      | Reached skill level 5 in Fighting
  3360 | D:4      | Reached skill level 5 in Maces & Flails
  3360 | D:4      | Reached skill level 5 in Dodging
  3364 | D:4      | Noticed a phantom
  3399 | D:4      | Slain by a phantom

Skill      XL: |  1  2  3  4  5  6 |
---------------+-------------------+-----
Spellcasting   | 5 |  5.4
Invocations    | 1 2 |  2.2
Short Blades   | 1 2 |  2.0
Long Blades    | 1 2 |  2.0
Axes           | 1 2 |  2.0
Polearms       | 1 2 |  2.0
Staves         | 1 2 |  2.0
Slings         | 1 2 |  2.0
Bows           | 1 2 |  2.0
Crossbows      | 1 2 |  2.0
Throwing       | 1 2 |  2.0
Stealth        | 1 2 |  2.0
Shields        | 1 2 |  2.0
Unarmed Combat | 1 2 |  2.0
Evocations     | 1 2 |  2.0
Conjurations   | 1 |  1.5
Hexes          | 1 |  1.5
Summonings     | 1 |  1.5
Necromancy     | 1 |  1.5
Translocations | 1 |  1.5
Transmutations | 1 |  1.5
Fire Magic     | 1 |  1.5
Ice Magic      | 1 |  1.5
Air Magic      | 1 |  1.5
Earth Magic    | 1 |  1.5
Poison Magic   | 1 |  1.5
Armour         | 3 |  3.2
Fighting       | 5 |  5.0
Maces & Flails | 5 |  5.0
Dodging        | 5 |  5.0
Charms         | |  5.6

Action                   |  1- 3 |  4- 6 || total
-------------------------+-------+-------++-------
Melee: Mace              |   142 |    29 ||   171
       Bite              |    10 |    15 ||    25
       Whip              |       |    83 ||    83
  Use: Scroll            |    10 |     1 ||    11
       Potion            |     1 |     4 ||     5
  Eat: Ration            |     1 |     1 ||     2
Armor: Leather armour    |     5 |       ||     5
       Ring mail         |    32 |    30 ||    62
Dodge: Dodged            |    50 |    26 ||    76
Block: Large shield      |    68 |    93 ||   161
